 Dungeon Crawl Stone Soup version 0.29-a0-559-g359e09b9d1 (webtiles) character file.

Game seed: 3912741475662219853

100 Ijustatesigmund the Ogre Mage (level 4, 0/45 HPs)
             Began as an Ogre Hedge Wizard on June 9, 2022.
             Slain by a black bear (7 damage)
             ... on level 4 of the Dungeon.
             The game lasted 00:06:35 (4440 turns).

Ijustatesigmund the Ogre Mage (Ogre Hedge Wizard)   Turns: 4440, Time: 00:06:36

Health: 0/45       AC:  3    Str: 14    XL:     4   Next: 74%
Magic:  4/9        EV:  9    Int: 17    God:
Gold:   154        SH:  0    Dex:  8    Spells: 4/10 levels left

rFire   . . .      SeeInvis .   a - +0 mace
rCold   . . .      Faith    .   (no shield)
rNeg    + . .      Spirit   .   b - +0 robe
rPois   .          Reflect  .   c - +0 hat
rElec   .          Harm     .   (no cloak)
rCorr   .          Rampage  .   (gloves unavailable)
Will    .....                   (boots unavailable)
Stlth   +.........              (no amulet)
HPRegen 0.15/turn               h - ring of positive energy
MPRegen 0.11/turn               (no ring)

@: mighty, unable to read
A: large, unfitting armour, tough skin 1, antennae 1, inability to read while
threatened, noise suppression
a: no special abilities


You were on level 4 of the Dungeon.
You visited 1 branch of the dungeon, and saw 4 of its levels.

You collected 154 gold pieces.

Inventory:

Hand Weapons
 a - a +0 mace (weapon)
Armour
 b - a +0 robe (worn)
 c - a +0 hat (worn)
Jewellery
 h - a ring of positive energy (left hand)
Scrolls
 j - 2 scrolls of teleportation {unknown}
 k - a scroll of noise {unknown}
 m - a scroll of enchant armour {unknown}
Potions
 d - a potion of magic
 g - a potion of haste
 i - a potion of mutation
 l - a potion of attraction


   Skills:
 - Level 3.4 Fighting
 + Level 0.2 Maces & Flails
 - Level 1.7 Dodging
 - Level 1.4 Stealth
 + Level 3.7 Spellcasting
 + Level 2.7 Conjurations
 - Level 0.8 Summonings
 + Level 1.1 Translocations


You had 4 spell levels left.
You knew the following spells:

 Your Spells              Type           Power      Damage    Failure   Level
a - Magic Dart            Conj           48%        1d5       5%          1
b - Blink                 Tloc           12%        N/A       16%         2
c - Mephitic Cloud        Conj/Pois/Air  6%         N/A       32%         3

Your spell library contained the following spells:

 Spells                   Type           Power      Damage    Failure   Level
 Slow                     Hex            12%        N/A       16%         1
 Call Imp                 Summ           6%         N/A       17%         2
 Conjure Flame            Conj/Fire      7%         6-21      28%         3
 Ignite Poison            Fire/Tmut/Pois 3%         N/A       43%         3
 Freezing Cloud           Conj/Ice/Air   3%         6-21      97%         5


Dungeon Overview and Level Annotations

Branches:
Dungeon (4/15)
 Temple: D:4-7

Altars:


Innate Abilities, Weirdness & Mutations

You are too large for most types of armour.
You have tough skin. (AC +1)
You have a pair of small antennae on your head.
You sometimes lose the ability to read scrolls when taking damage.
You passively dampen the noise of your surroundings.


Message History

Confirm with . or Enter, or press ? or * to list all spells.
You blink.
Casting: Blink (safe; 16% risk of failure)
Confirm with . or Enter, or press ? or * to list all spells.
The spell is quite dangerous to miscast (32% risk of failure)!
Continue anyway?
Aiming: Mephitic Cloud (quite dangerous; 32% risk of failure)
Press: ? - help, Shift-Dir - straight line, p - black bear The ball explodes into a vile cloud!
The stinking cloud engulfs the kobold but does no damage.
The kobold is engulfed in noxious fumes.
The kobold appears confused.
Casting: Mephitic Cloud (quite dangerous; 32% risk of failure)
Confirm with . or Enter, or press ? or * to list all spells.
Aiming: Magic Dart (safe; 5% risk of failure)
Press: ? - help, Shift-Dir - straight line The magic dart hits the kobold but does no damage.
The kobold is engulfed in noxious fumes.
The kobold appears confused.
The black bear is engulfed in noxious fumes.
The black bear appears confused.
You feel very mighty all of a sudden.
You can read scrolls again.
The black bear is engulfed in noxious fumes.
You feel stable enough to blink again.
The black bear is engulfed in noxious fumes.
The black bear appears confused.
The kobold is engulfed in noxious fumes.
The kobold appears confused.
The kobold closely misses you.
You sock the kobold!
You kill the kobold!
Your magical contamination has completely faded away.
The black bear bites you.
You feel threatened and lose the ability to read scrolls!
* * * LOW HITPOINT WARNING * * *
The black bear misses you. The black bear claws you.
* * * LOW HITPOINT WARNING * * *
You hit the black bear.
The black bear is almost dead.
The black bear bites you!
You die...

.... ###### .....
##....# .....
#.....##..... #..
#............ #...
#....?....... +...
#..)......... #..#
##.....#....
##..####.#.#@#....
#...........h.......
+........#.#........
#...................
##+####'##############+#
...............
...............
...............
...............


You could see a black bear (confused).

Vanquished Creatures
  A gnoll (D:1)
  2 adders
  2 worms
  2 dart slugs (D:1)
  2 ball pythons
  6 bats
  6 endoplasms
  6 giant cockroaches
  9 hobgoblins
  6 jackals (D:1)
  3 kobolds
  2 frilled lizards (D:2)
  5 goblins
  4 rats
56 creatures vanquished.

Notes
Turn   | Place    | Note
-------+----------+-------------------------------------------
     0 | D:1      | Ijustatesigmund the Ogre Hedge Wizard began the quest for
                  | the Orb.
     0 | D:1      | Reached XP level 1. HP: 16/16 MP: 5/5
    29 | D:1      | Reached skill level 1 in Conjurations
    40 | D:1      | Reached skill level 1 in Fighting
   510 | D:1      | Reached XP level 2. HP: 25/27 MP: 1/6
   513 | D:1      | Learned a level 2 spell: Blink
   901 | D:1      | Reached XP level 3. HP: 19/35 MP: 1/8
  1649 | D:1      | Found a faded altar of an unknown god.
  2154 | D:2      | Reached XP level 4. HP: 45/45 MP: 7/9
  2344 | D:2      | Found the +1 Delatra's gloves {ID++}
  3119 | D:3      | Learned a level 3 spell: Mephitic Cloud
  3726 | D:3      | Reached skill level 1 in Translocations
  4019 | D:3      | Identified the +2 leather armour of Sixzuil {Str+4}
  4407 | D:4      | Noticed a black bear
  4427 | D:4      | Gained mutation: You sometimes lose the ability to read
                  | scrolls when taking damage. [potion of mutation]
  4427 | D:4      | Gained mutation: You passively dampen the noise of your
                  | surroundings. [potion of mutation]
  4427 | D:4      | Gained mutation: You have a pair of small antennae on your
                  | head. [potion of mutation]
  4440 | D:4      | Slain by a black bear

Illustrated notes

Levels and vault maps discovered:
D:1:      scummos_arrival_simple_crosswalls, layout_loops_cross,
          hellmonk_ecumenical_altar_pennies_from_heaven
D:2:      layout_loops_ring, chequers_serial_rivers_small_a, st_stairs_10,
          nicolae_elevator_lobby_asterisk
D:3:      layout_basic, serial_park_tiny_2, minmay_misc_feat_nine_boxes
D:4:      cheibrodos_pilgrimage, layout_gridville, mainiacjoe_overflow_alcove_4,
          serial_glass, glass_columns_c, glass_columns_a, glass_columns_b,
          glass_columns_a, glass_columns_b, glass_columns_a, glass_columns_a,
          glass_columns_b

Skill      XL: |  1  2  3  4 |
---------------+-------------+-----
Conjurations   | 1 2 |  2.7
Fighting       | 1 2 3 |  3.4
Translocations | 1 |  1.1
Maces & Flails | |  0.2
Dodging        | |  1.7
Stealth        | |  1.4
Spellcasting   | |  3.7
Summonings     | |  0.8

Action                   |  1- 3 |  4- 6 || total
-------------------------+-------+-------++-------
Melee: Dagger            |   140 |       ||   140
       Punch             |     2 |       ||     2
       Long sword        |       |    38 ||    38
       Mace              |       |    19 ||    19
 Cast: Magic Dart        |    72 |    39 ||   111
       Mephitic Cloud    |       |     2 ||     2
       Blink             |       |     2 ||     2
  Use: Scroll            |     1 |     3 ||     4
       Potion            |       |     4 ||     4
Armor: Robe              |    78 |    24 ||   102
Dodge: Dodged            |    90 |    54 ||   144

Table legend: (Time is in decaauts)
 A = Elapsed time spent in this place.
 B = Non-inter-level travel time spent in this place.
 C = Inter-level travel time spent in this place.
 D = Time resting spent in this place.
 E = Time spent auto-exploring this place.
 F = Levels seen in this place.
 G = Mean time per level.
                   A        B        C        D        E       F      G
               +--------+--------+--------+--------+--------+-----+--------+
         Total |   4463 |   4353 |    110 |   1167 |   2650 |   4 | 1115.8 |
       Dungeon |   4463 |   4353 |    110 |   1167 |   2650 |   4 | 1115.8 |
               +--------+--------+--------+--------+--------+-----+--------+

Top non-repeatable levels by time:
     D:1: 1868 daAuts
     D:3: 1348 daAuts
     D:2: 1147 daAuts
     D:4: 98 daAuts
